 Dungeon Crawl Stone Soup version 0.30-a0-782-ge64f9170bb (webtiles) character file.

Game seed: 12088512330032587280

18151 Greynoma the Severer (level 12, -13/113 HPs)
             Began as a Minotaur Berserker on Mar 16, 2023.
             Was an Elder of Trog.
             Mangled by a goliath frog (19 damage)
             ... on level 1 of the Swamp.
             The game lasted 01:37:51 (9656 turns).

Greynoma the Severer (Minotaur Berserker)           Turns: 9656, Time: 01:37:52

Health: -13/113    AC:  5    Str: 27    XL:     12   Next: 25%
Magic:  11/11      EV: 12    Int:  4    God:    Trog [****..]
Gold:   899        SH:  0    Dex: 10    Spells: 11/11 levels left

rFire   + . .      SeeInvis .    l - +3 hand axe (heavy)
rCold   + . .      Faith    .    n - orb {light}
rNeg    . . .      Spirit   .    o - +3 scale mail
rPois   .          Reflect  .    (helmet restricted)
rElec   .          Harm     .    w - +2 cloak
rCorr   .          Rampage  .    h - +0 pair of gloves
Will    ++...                    (no boots)
Stlth   +                        (no amulet)
HPRegen 1.38/turn                k - ring of protection from fire
MPRegen 0.12/turn                d - ring of protection from cold

@: strong-willed, corroded, on berserk cooldown, regenerating, slowed, glowing,
very slow
A: horns 2, retaliatory headbutt
a: Renounce Religion, Berserk, Trog's Hand, Brothers in Arms


You were on level 1 of the Swamp.
You worshipped Trog.
Trog was greatly pleased with you.
You visited 3 branches of the dungeon, and saw 14 of its levels.
You also visited: Sewer.

You collected 899 gold pieces.

Inventory:

Hand Weapons
 f - a +2 hand axe of electrocution
 l - a +3 heavy hand axe (weapon)
 m - a +3 quarterstaff
 G - a +4 battleaxe
Missiles
 e - 67 stones
 u - a throwing net
Armour
 h - a +0 pair of gloves (worn)
 n - an orb of light (worn)
 o - a +3 scale mail (worn)
 w - a +2 cloak (worn)
 B - a +0 buckler
 E - +0 acid dragon scales
Jewellery
 a - a ring of ice
 d - a ring of protection from cold (right hand)
 k - a ring of protection from fire (left hand)
 v - a ring of magical power
 x - a ring of magical power
 y - a ring of poison resistance
 J - an amulet of magic regeneration
Wands
 t - a wand of iceblast (2)
 I - a wand of paralysis (4)
Scrolls
 c - a scroll of vulnerability
 j - 10 scrolls of identify
 p - 4 scrolls of teleportation
 r - a scroll of fog
 C - a scroll of silence
 D - a scroll of blinking
 F - a scroll of poison
 H - a scroll of butterflies
 K - 4 scrolls of magic mapping
Potions
 b - 2 potions of haste
 g - 8 potions of curing
 q - a potion of flight
 s - a potion of resistance
 z - 2 potions of lignification
 A - a potion of berserk rage
 L - a potion of degeneration
 M - a potion of mutation
Miscellaneous
 N - a box of beasts (inert) (quivered)


   Skills:
 + Level 12.5 Fighting
 + Level 15.5 Axes
 + Level 2.5 Throwing
 + Level 11.9 Armour
 + Level 6.2 Dodging
 + Level 3.6 Stealth


You had 11 spell levels left.
You didn't know any spells.
Your spell library was empty.

Dungeon Overview and Level Annotations

Branches:
Dungeon (9/15)             Temple (0/1) D:7            Lair (4/5) D:9
  Swamp (1/4) Lair:2        Snake (0/4) Lair:2        Sewer (visited)
  Slime: Lair:4-5       Orc: D:9-12

Altars:
Ashenzari
Kikubaaqudgha
Sif Muna
Vehumet

Shops:
D:6 [


Innate Abilities, Weirdness & Mutations

You have a pair of horns on your head.
You reflexively headbutt those who attack you in melee.


Message History

You feel strangely unstable. The goliath frog barely misses you.
The goliath frog hits you from afar!
* * * LOW HITPOINT WARNING * * *
You are splashed with acid!
* * * LOW HITPOINT WARNING * * *
You feel much better. The goliath frog hits you from afar.
You are splashed with acid.
The goliath frog hits you from afar! The acid corrodes you!
You are splashed with acid!
* * * LOW HITPOINT WARNING * * *
You feel much better.
Your surroundings seem slightly different.
Your skin crawls.
You feel strong-willed. The goliath frog closely misses you.
You furiously retaliate!
You headbutt the goliath frog! The goliath frog barely misses you.
You furiously retaliate!
You headbutt the goliath frog, but do no damage.
You closely miss the goliath frog. Your headbutt misses the goliath frog.
The goliath frog is moderately wounded.
The goliath frog hits you. The acid corrodes you!
You are splashed with acid!
You slice the goliath frog!! Your headbutt misses the goliath frog.
The goliath frog is severely wounded.
The goliath frog hits you but does no damage.
The goliath frog barely misses you. You furiously retaliate!
You headbutt the goliath frog, but do no damage.
You closely miss the goliath frog. You headbutt the goliath frog.
The goliath frog is almost dead.
The goliath frog hits you!
You are splashed with acid!
The goliath frog hits you.
You are splashed with acid!
* * * LOW HITPOINT WARNING * * *
You hit the goliath frog. Your headbutt misses the goliath frog.
The goliath frog is almost dead.
The goliath frog hits you!
* * * LOW HITPOINT WARNING * * *
You are splashed with acid!
* * * LOW HITPOINT WARNING * * *
You barely miss the goliath frog. Your headbutt misses the goliath frog.
The goliath frog is almost dead.
The goliath frog hits you!!
You die...

♣~~~.~~~.~~~~....~~~.
♣♣♣..~~..........~..~
♣♣.~..♣♣♣♣♣......~..
♣..§.♣♣.....~~~..♣♣♣
♣~~~.~..~~..~~~.~♣
♣♣.~♣♣♣.~~~..♣♣♣♣.♣
♣♣..♣♣♣♣♣.~~.♣♣ .♣
♣~...~~..~..♣♣ .
♣.~~@~~~~~♣~♣♣
♣♣...~F..♣♣♣..♣
♣.~~.~....♣♣..~
♣.~~.~.§....♣♣♣
♣~.....~~~.~~.♣♣.~
♣♣.....~~~..~~....
♣~...~~§~~...~~~~~
♣♣...~~~.....^§~~~
♣♣♣~.~†♣♣♣♣...~~~


You could see a goliath frog.

Vanquished Creatures
  A bunyip (Swamp:1)
  2 two-headed ogres (D:9)
  A death yak (Lair:1)
  A salamander (Lair:2)
  A black mamba (Lair:1)
  3 torpor snails
  3 cane toads
  3 komodo dragons (Lair:2)
  An unseen horror (D:7)
  A rime drake (D:9)
  2 polar bears
  Grinder (Sewer)
  Prince Ribbit (D:7)
  9 blink frogs (Lair:2)
  23 yaks
  A wyvern (Lair:1)
  A wraith (D:9)
  3 basilisks
  2 steam dragons
  2 vampire mosquitoes (Swamp:1)
  A swamp worm (Swamp:1)
  Edmund (D:4)
  2 acid dragons (D:9)
  An orc warrior (D:9)
  7 ice beasts
  A sky beast (D:7)
  A black bear (D:6)
  4 wolves (D:9)
  3 centaurs
  A phantom (Sewer)
  2 kobold brigands
  5 bullfrogs
  A gnoll sergeant (D:8)
  9 wights
  9 killer bees (D:8)
  4 lava snakes (Lair:2)
  A jelly (D:6)
  3 hounds
  7 orc priests
  5 orc wizards
  4 iguanas
  Robin (D:4)
  4 gnolls
  3 river rats (D:3)
  10 adders
  A shadow imp (Sewer)
  2 white imps
  3 ufetubi
  An adder zombie (Sewer)
  3 worms
  2 dart slugs
  22 orcs
  7 endoplasms
  7 giant cockroaches
  14 hobgoblins
  26 kobolds
  2 quokkas
  12 ball pythons
  2 bats
  5 frilled lizards
  10 goblins
  A kobold zombie (Sewer)
  5 rats
277 creatures vanquished.

Vanquished Creatures (collateral kills)
  A death yak (Lair:1)
1 creature vanquished.

Vanquished Creatures (others)
  2 fungi
  33 plants
35 creatures vanquished.

Grand Total: 313 creatures vanquished

Notes
Turn   | Place    | Note
-------+----------+-------------------------------------------
     0 | D:1      | Greynoma the Minotaur Berserker began the quest for the
                  | Orb.
     0 | D:1      | Reached XP level 1. HP: 19/19 MP: 0/0
   205 | D:1      | Reached skill level 4 in Axes
   207 | D:1      | Reached XP level 2. HP: 27/27 MP: 1/1
   416 | D:1      | Found a faded altar of an unknown god.
   625 | D:2      | Reached ** piety under Trog
   693 | D:2      | Reached XP level 3. HP: 33/33 MP: 2/2
  1295 | D:3      | Reached XP level 4. HP: 22/41 MP: 3/3
  1307 | D:3      | Reached skill level 5 in Axes
  1328 | D:3      | Reached XP level 5. HP: 29/47 MP: 4/4
  1354 | D:3      | Reached skill level 6 in Axes
  1437 | D:3      | Found a glowing drain.
  1446 | Sewer    | Entered a sewer
  1573 | Sewer    | Reached *** piety under Trog
  1597 | Sewer    | Found an ancient bone altar of Kikubaaqudgha.
  1609 | Sewer    | Reached XP level 6. HP: 49/55 MP: 5/5
  1619 | Sewer    | Reached skill level 7 in Axes
  1636 | Sewer    | Reached skill level 5 in Fighting
  1746 | Sewer    | Noticed Grinder
  1768 | Sewer    | Killed Grinder
  1769 | Sewer    | Reached skill level 8 in Axes
  1769 | Sewer    | Reached skill level 1 in Throwing
  1769 | Sewer    | Reached XP level 7. HP: 61/61 MP: 6/6
  2807 | D:4      | Reached skill level 5 in Armour
  2921 | D:4      | Noticed Edmund
  2939 | D:4      | Killed Edmund
  3190 | D:4      | Noticed Robin
  3206 | D:4      | Killed Robin
  3298 | D:4      | Reached XP level 8. HP: 66/70 MP: 7/7
  3377 | D:4      | Reached **** piety under Trog
  3536 | D:5      | Entered Level 5 of the Dungeon
  3837 | D:5      | Reached skill level 9 in Axes
  4465 | D:6      | Found an ancient bone altar of Kikubaaqudgha.
  4610 | D:6      | Found Fajufot's Armour Boutique.
  4863 | D:7      | Reached skill level 10 in Axes
  4863 | D:7      | Reached skill level 1 in Stealth
  4891 | D:7      | Found a staircase to the Ecumenical Temple.
  4916 | D:7      | Noticed Prince Ribbit
  4927 | D:7      | Killed Prince Ribbit
  4928 | D:7      | Reached XP level 9. HP: 79/79 MP: 8/8
  5101 | D:7      | Noticed an unseen horror
  5132 | D:7      | Killed an unseen horror
  5652 | D:8      | Reached skill level 11 in Axes
  5962 | D:8      | Found a broken altar of Ashenzari.
  5973 | D:8      | Found a shimmering blue altar of Sif Muna.
  5988 | D:8      | Reached skill level 12 in Axes
  5988 | D:8      | Reached XP level 10. HP: 90/90 MP: 9/9
  6076 | D:8      | Reached ***** piety under Trog
  6347 | D:8      | Found a radiant altar of Vehumet.
  6385 | D:9      | Noticed a two-headed ogre
  6394 | D:9      | Killed a two-headed ogre
  6510 | D:9      | Found a staircase to the Lair.
  6512 | D:9      | Noticed a two-headed ogre
  6531 | D:9      | Killed a two-headed ogre
  6532 | D:9      | Reached skill level 13 in Axes
  6865 | Lair:1   | Entered Level 1 of the Lair of Beasts
  6962 | Lair:1   | Reached skill level 10 in Fighting
  6968 | Lair:1   | Reached XP level 11. HP: 88/99 MP: 10/10
  7048 | Lair:1   | Reached skill level 14 in Axes
  7061 | Lair:1   | Received a gift from Trog
  7062 | Lair:1   | Reached skill level 10 in Armour
  7169 | Lair:1   | Noticed a death yak
  7169 | Lair:1   | Noticed a death yak
  7187 | Lair:1   | Killed a death yak
  7188 | Lair:1   | Reached skill level 5 in Dodging
  7200 | Lair:1   | Killed a death yak
  7936 | Lair:2   | Found a gate leading to a gauntlet.
  7964 | Lair:2   | Reached skill level 15 in Axes
  8197 | Lair:2   | You fall into a shaft and drop 2 floors!
  8540 | Lair:2   | Reached XP level 12. HP: 101/112 MP: 11/11
  8735 | Lair:2   | Found a staircase to the Swamp.
  8929 | Lair:2   | Found a staircase to the Snake Pit.
  9523 | Swamp:1  | Entered Level 1 of the Swamp
  9627 | Swamp:1  | Noticed a bunyip
  9638 | Swamp:1  | Killed a bunyip
  9655 | Swamp:1  | HP: 5/113 [acid (9)]
  9656 | Swamp:1  | Mangled by a goliath frog

Illustrated notes

Levels and vault maps discovered:
D:1:      reono_arrival_mine, layout_rooms, shapermc_ecumenical_altar_petra,
          dreamdust_princess_bridge
D:2:      layout_basic, st_stairs_4, lightli_corner_chamber
D:3:      layout_loops_ring, lightli_sewer_entry_pipes
D:4:      layout_cave_pools, serial_column_ruins, column_ruins_corridor_corner,
          column_ruins_open_small, column_ruins_columns_straight,
          column_ruins_corridor_corner, column_ruins_open_medium,
          minmay_misc_feat_rows, minmay_pentomino_pile, uniq_edmund, uniq_robin
D:5:      layout_cave_pods, minmay_strange_pillars
D:6:      layout_cave_pools, kennysheep_mini, serial_shops, shop
D:7:      minmay_chambers_of_fours, layout_rooms,
          minmay_temple_entry_water_ring, uniq_prince_ribbit1
D:8:      layout_cave_pods, mainiacjoe_overflow_alcove_4,
          chequers_temple_overflow_statue_of_worship
D:9:      layout_long_grid, hellmonk_lair_entry_icy, serial_shops, shop
Lair:1:   layout_concentric_octagons, grunt_megastairs_3
Lair:2:   layout_cave_pods, swamp_mist_pool, nicolae_snake_entry_warm_welcome,
          gauntlet_entry_generic, grunt_megastairs_1
Lair:3:   layout_gridlike, uniq_gastronok
Lair:4:   layout_small_grid, slime_entry_1, serial_forest,
          infiniplex_forest_end_2, infiniplex_forest_zigzag_1,
          infiniplex_forest_fountain, infiniplex_forest_lined_2,
          infiniplex_forest_straight_2, infiniplex_forest_clump_tiny,
          basic_altar, beast_lair_carwin_10, grunt_megastairs_2
Swamp:1:  layout_basic_swamp, evilmike_swamp_ruin_house_2,
          nicolae_swamp_little_tower

Skill      XL: |  1  2  3  4  5  6  7  8  9 10 11 12 |
---------------+-------------------------------------+-----
Axes           | 4 5 6 8 10 12 13 15 | 15.5
Fighting       | 4 5 7 8 10 12 | 12.5
Armour         | 3 4 5 7 8 9 11 | 11.9
Throwing       | 1 2 |  2.5
Dodging        | 3 4 5 6 |  6.2
Stealth        | 1 2 3 |  3.6

Action                     |  1- 3 |  4- 6 |  7- 9 | 10-12 || total
---------------------------+-------+-------+-------+-------++-------
  Melee: War axe           |    68 |     9 |       |       ||    77
         Hand axe          |     7 |    81 |   214 |   277 ||   579
         Headbutt          |    11 |     9 |    40 |    69 ||   129
         Punch             |       |     1 |     2 |       ||     3
  Throw: Stone             |    10 |    29 |     5 |       ||    44
 Invoke: Berserk           |       |     4 |     4 |     6 ||    14
         Trog's Hand       |       |     2 |       |     4 ||     6
         Brothers in Arms  |       |       |       |     1 ||     1
  Evoke: Box of beasts     |       |       |       |     1 ||     1
    Use: Scroll            |     8 |       |    10 |     4 ||    22
         Potion            |     6 |       |     3 |     4 ||    13
   Stab: Distracted        |       |       |       |     1 ||     1
 Armour: Chain mail        |    34 |    16 |       |       ||    50
         Scale mail        |       |    28 |    87 |   103 ||   218
  Dodge: Dodged            |    28 |    35 |    97 |   116 ||   276

Table legend: (Time is in decaauts)
 A = Elapsed time spent in this place.
 B = Non-inter-level travel time spent in this place.
 C = Inter-level travel time spent in this place.
 D = Time resting spent in this place.
 E = Time spent auto-exploring this place.
 F = Levels seen in this place.
 G = Mean time per level.
                   A        B        C        D        E       F      G
               +--------+--------+--------+--------+--------+-----+--------+
         Total |   9832 |   9503 |    329 |    288 |   6648 |  15 |  655.5 |
       Dungeon |   6474 |   6293 |    181 |    106 |   4459 |   9 |  719.3 |
          Lair |   2675 |   2527 |    148 |    182 |   1845 |   4 |  668.8 |
         Swamp |    141 |    141 |      0 |      0 |     74 |   1 |  141.0 |
         Sewer |    540 |    540 |      0 |      0 |    268 |   1 |  540.0 |
               +--------+--------+--------+--------+--------+-----+--------+

Top non-repeatable levels by time:
  Lair:2: 1519 daAuts
  Lair:1: 1070 daAuts
     D:8: 1052 daAuts
     D:3: 952 daAuts
     D:4: 905 daAuts
     D:5: 846 daAuts
     D:2: 639 daAuts
     D:1: 593 daAuts
   Sewer: 540 daAuts
     D:7: 527 daAuts
     D:9: 501 daAuts
     D:6: 453 daAuts
 Swamp:1: 141 daAuts
  Lair:4: 60 daAuts
  Lair:3: 25 daAuts
